 Dungeon Crawl Stone Soup version 0.29-a0-393-g47a863cc1b (webtiles) character file.

Game seed: 6211391100462095423

77 Lekart the Skirmisher (level 4, -2/41 HPs)
             Began as a Draconian Chaos Knight on May 10, 2022.
             Was a Plaything of Xom.
             Slain by a gnoll
             ... wielding a +0 flail
              (5 damage)
             ... on level 2 of the Dungeon.
             The game lasted 00:04:54 (1582 turns).

Lekart the Skirmisher (Draconian Chaos Knight)      Turns: 1582, Time: 00:04:55

Health: -2/41      AC:  5    Str: 14    XL:     4   Next: 14%
Magic:  4/4        EV: 12    Int: 13    God:    Xom [....*.]
Gold:   31         SH:  0    Dex: 12    Spells: 3/3 levels left

rFire   . . .      SeeInvis .   a - +0 falchion (flame)
rCold   . . .      Faith    .   (no shield)
rNeg    . . .      Spirit   .   (body armour unavailable)
rPois   .          Reflect  .   (helmet restricted)
rElec   .          Harm     .   (no cloak)
rCorr   +          Rampage  .   (no gloves)
Will    .....                   (no boots)
Stlth   +.........              (no amulet)
HPRegen 0.13/turn               d - ring of resist corrosion
MPRegen 0.09/turn               (no ring)

@: no status effects
A: AC +5, unfitting armour, cold-blooded
a: Renounce Religion


You were on level 2 of the Dungeon.
You worshipped Xom.
You were a beloved toy of Xom.
You visited 1 branch of the dungeon, and saw 2 of its levels.

You collected 31 gold pieces.

Inventory:

Hand Weapons
 a - a +0 falchion of flaming (weapon)
Missiles
 i - a throwing net
Jewellery
 d - a ring of resist corrosion (left hand)
 j - a ring of ice
Potions
 c - 2 potions of curing
Miscellaneous
 b - a piece from Xom's chessboard (13/15) (quivered)


   Skills:
 * Level 4.5 Fighting
 + Level 3.5 Long Blades
 + Level 2.7 Dodging


You had 3 spell levels left.
You didn't know any spells.
Your spell library was empty.

Dungeon Overview and Level Annotations

Branches:
Dungeon (2/15)

Altars:

Annotations:
D:1 exclusion: downstairs


Innate Abilities, Weirdness & Mutations

Your plain brown scales are hard. (AC +5)
You cannot fit into any form of body armour.
You are cold-blooded and may be slowed by cold attacks.


Message History

The gnoll is heavily wounded.
The gnoll barely misses you.
You hit the gnoll. You burn the gnoll.
The gnoll is severely wounded.
The gnoll barely misses you.
You hit the gnoll. You burn the gnoll.
The gnoll is almost dead.
The gnoll closely misses you.
You hit the gnoll. You burn the gnoll.
You kill the gnoll!
You have reached level 4!
You feel clever.
A gnoll comes into view. It is wielding a +0 halberd.
Found a robe.
Found an escape hatch in the ceiling.
Things that are here:
a +0 spear; a gnoll corpse
Found a stone staircase leading down.
A gnoll is nearby!
A gnoll is nearby!
The gnoll shouts!
You hear a shout!
A gnoll comes into view. It is wielding a +0 flail.
There are monsters nearby!
The gnoll hits you with a +0 halberd.
The gnoll throws a throwing net.
The throwing net hits you.
You become entangled in the net!
You see here a throwing net.
You are held in a net!
You are held in a net!
You are held in a net!
You struggle against the net.
The gnoll barely misses you.
You struggle against the net.
The gnoll hits you with a +0 halberd! The gnoll hits you with a +0 flail!
You struggle against the net.
The gnoll hits you with a +0 halberd. The gnoll hits you with a +0 flail!
* * * LOW HITPOINT WARNING * * *
You struggle against the net.
The gnoll hits you with a +0 halberd.
* * * LOW HITPOINT WARNING * * *
The gnoll barely misses you.
You rip the net and break free!
The gnoll hits you with a +0 flail.
You die...
Xom bursts into laughter!

##.........# #...#.....#*****,.,,
_..........# #......##..,,,***,,,
...........# #.....##*##**,,,,,*,
##.........# #...#.# *****,,,
#.........###...#.# ***,,,,,,
*#.................# ****,,,,,,,,
,....#..#....#....#* *,,,,,***,*,
..........#..)###.####..,,,*,,,*,
........###.....@g.....#****,***,
,,,...#.**#...)##g###>## *,* *,
,,,...#.........,...,,******,* **
,,,,,,*.........#.....,,,,,,,* *
*****,#<##..##.....####******* *
***,.,*##.*#....## **********
***,,,,***..,..##.#*****,,,,,,,,,
,,,,,,***#.**...,..,,,,,,********
,,*,,** *,,***,,,,******** *


You could see 2 gnolls.

Vanquished Creatures
  A gnoll (D:2)
  3 adders (D:2)
  A dart slug (D:1)
  2 endoplasms (D:1)
  A giant cockroach (D:1)
  A goblin (D:1)
  6 hobgoblins
  3 jackals (D:1)
  3 quokkas (D:1)
  3 ball pythons
  4 bats
  4 frilled lizards (D:1)
  2 kobolds (D:1)
  3 rats (D:1)
37 creatures vanquished.

Notes
Turn   | Place    | Note
-------+----------+-------------------------------------------
     0 | D:1      | Lekart the Draconian Chaos Knight began the quest for the
                  | Orb.
     0 | D:1      | Reached XP level 1. HP: 19/19 MP: 1/1
   196 | D:1      | Reached XP level 2. HP: 23/26 MP: 2/2
   584 | D:1      | XOM: silly message
   669 | D:1      | Reached skill level 4 in Fighting
   767 | D:1      | Reached XP level 3. HP: 33/33 MP: 3/3
  1041 | D:2      | XOM: scenery: summon butterflies
  1150 | D:1      | XOM: god gift: scale mail {god gift}
  1402 | D:2      | Found a faded altar of an unknown god.
  1500 | D:2      | XOM: silly message
  1514 | D:2      | Reached XP level 4. HP: 33/41 MP: 4/4
  1582 | D:2      | Slain by a gnoll

Illustrated notes

Levels and vault maps discovered:
D:1:      dpeg_arrival_tiny_a, layout_basic
D:2:      layout_rooms, basic_ecumenical_altar

Skill      XL: |  1  2 |
---------------+-------+-----
Fighting       | 4 |  4.5
Long Blades    | |  3.5
Dodging        | |  2.7

Action                   |  1- 3 |  4- 6 || total
-------------------------+-------+-------++-------
Melee: Falchion          |   120 |       ||   120
       Tailslap          |     6 |       ||     6
Evoke: Piece from Xom's  |     3 |       ||     3
  Use: Scroll            |     6 |       ||     6
       Potion            |     1 |       ||     1
 Stab: Petrified         |     1 |       ||     1
       Sleeping          |     1 |       ||     1
Armor: Skin              |    45 |       ||    45
Dodge: Dodged            |    95 |     2 ||    97

Table legend: (Time is in decaauts)
 A = Elapsed time spent in this place.
 B = Non-inter-level travel time spent in this place.
 C = Inter-level travel time spent in this place.
 D = Time resting spent in this place.
 E = Time spent auto-exploring this place.
 F = Levels seen in this place.
 G = Mean time per level.
                   A        B        C        D        E       F      G
               +--------+--------+--------+--------+--------+-----+--------+
         Total |   1599 |   1516 |     83 |    307 |    930 |   2 |  799.5 |
       Dungeon |   1599 |   1516 |     83 |    307 |    930 |   2 |  799.5 |
               +--------+--------+--------+--------+--------+-----+--------+

Top non-repeatable levels by time:
     D:1: 1213 daAuts
     D:2: 385 daAuts
